AoeStats
← PepePompinn4300

Arabia

506369667Analyzed
1v1 RM · 19d ago on Sep 13, 2026· 60m 44s· 2 players
Game mode
Random Map
Map size
Tiny (2 player)
Population
200
Speed
Normal
Resources
Standard
Victory
Conquest
Starting age
Dark Age
Ending age
Imperial Age
RankedLock teamsTeams togetherTeam positionsShared explorationLock speedFull tech treeHidden civsTurbo modeCheats
Victory
Defeat
🇦🇷 Georgians · Argentina
1465
+27
🇩🇪 Malay · Germany
1412
-14
PepePompinn4300
6:10 Loom
8:47 Feudal Age
9:35 Double-Bit Axe
13:18 Horse Collar
15:57 Fletching
16:59 Padded Archer Armor
23:18 Castle Age
23:21 Elite Skirmisher
23:57 Bodkin Arrow
24:13 Bow Saw
24:35 Heavy Plow
27:00 Gold Mining
27:13 Husbandry
28:23 Wheelbarrow
28:29 Leather Archer Armor
28:47 Bloodlines
30:59 Ballistics
35:40 Imperial Age
36:47 Bracer
39:40 Chemistry
40:42 Parthian Tactics
40:58 Crop Rotation
40:25 Light Cavalry
41:52 Masonry
42:24 Hand Cart
43:14 Scale Barding Armor
44:29 Chain Barding Armor
44:38 Hussar
46:29 Plate Barding Armor
47:00 Hoardings
46:46 Forging
47:22 Stone Mining
50:06 Iron Casting
53:31 Architecture
53:22 Conscription
54:03 Blast Furnace
52:33 Capped Ram
55:42 Siege Engineers
55:19 Treadmill Crane
59:23 Svan Towers
59:42 Siege Ram
SirLycander
0:29 Loom
6:37 Loom
8:56 Feudal Age
14:09 Horse Collar
19:30 Double-Bit Axe
25:14 Castle Age
23:56 Fletching
25:04 Scale Barding Armor
26:17 Crossbowman
28:55 Bow Saw
30:13 Wheelbarrow
33:33 Ballistics
33:52 Heavy Plow
33:50 Bodkin Arrow
36:07 Gold Mining
40:06 Imperial Age
37:25 Elite Skirmisher
39:07 Padded Archer Armor
39:14 Arbalester
40:57 Conscription
40:46 Bracer
42:15 Leather Archer Armor
43:17 Chemistry
42:21 Gold Mining
43:44 Thumb Ring
44:20 Stone Mining
48:18 Stone Shaft Mining
48:24 Pikeman
49:05 Squires
48:51 Arson
49:16 Forging
49:37 Ring Archer Armor
50:47 Halberdier
52:33 Iron Casting
52:11 Siege Engineers
53:28 Crop Rotation
55:38 Hand Cart
57:41 Blast Furnace
57:58 Man-at-Arms
58:42 Forced Levy
59:11 Long Swordsman
60:08 Light Cavalry
60:48 Husbandry
Connection lost

Rejoining the realm…

Still unreachable

The connection could not be restored.

Session expired

The server has moved on; the page needs a fresh start.